 Dungeon Crawl Stone Soup version 0.27.0-1-g7a089689b8 (webtiles) character file.

Game seed: 5966133224314865565

234 krigyl the Shield-Bearer (level 5, -2/47 HPs)
             Began as a Minotaur Fighter on Aug 15, 2021.
             Slain by a scorpion (3 damage)
             ... on level 4 of the Dungeon.
             The game lasted 00:02:16 (2299 turns).

krigyl the Shield-Bearer (Minotaur Fighter)         Turns: 2299, Time: 00:02:17

Health: -2/47      AC:  6    Str: 20 (21) XL:     5   Next: 75%
Magic:  4/4        EV:  7    Int:  3 (5)  God:
Gold:   125        SH:  9    Dex:  7 (10) Spells: 4/4 levels left

rFire    . . .     SeeInvis .   a - +0 war axe
rCold    . . .     Faith    .   c - +0 kite shield
rNeg     . . .     Spirit   .   b - +0 scale mail
rPois    .         Reflect  .   (helmet restricted)
rElec    .         Harm     .   (no cloak)
rCorr    .         Rampage  .   (no gloves)
Will     .....                  (no boots)
Stlth    ..........             (no amulet)
HPRegen  0.15/turn              (no ring)
MPRegen  0.09/turn              (no ring)

@: flying
A: horns 2, retaliatory headbutt
a: no special abilities


You were on level 4 of the Dungeon.
You visited 1 branch of the dungeon, and saw 5 of its levels.

You collected 125 gold pieces.

Inventory:

Hand Weapons
 a - a +0 war axe (weapon)
Armour
 b - a +0 scale mail (worn)
 c - a +0 kite shield (worn)
Scrolls
 e - a scroll of identify {@r1}
 h - a scroll of fog {unknown}


   Skills:
 + Level 4.7 Fighting
 * Level 5.0 Axes
 - Level 3.6 Armour
 * Level 5.7 Shields


You had 4 spell levels left.
You didn't know any spells.
Your spell library was empty.

Dungeon Overview and Level Annotations

Branches:
Dungeon (5/15)
 Temple: D:4-7

Altars:


Innate Abilities, Weirdness & Mutations

You have a pair of horns on your head.
You reflexively headbutt those who attack you in melee.


Message History

The gnoll shaman hits you with a +0 club.
The gnoll hits you from afar with a +0 spear.
* * * LOW HITPOINT WARNING * * *
You block the gnoll's attack.
You feel much better. The gnoll shaman closely misses you.
The gnoll hits you but does no damage. You block the gnoll's attack.
Blink to where?
Press: ? - help, Dir - move target
As you read the scroll labelled HIRARGH XAVA, it crumbles to dust.
It was a scroll of blinking.
Found 11 gold pieces.
Found a stone staircase leading down.
The gnoll shaman calls upon its god to heal something.
The acid dragon spits acid at you. The splash of acid hits you!
* * * LOW HITPOINT WARNING * * *
You are splashed with acid!
* * * LOW HITPOINT WARNING * * *
The gnoll shaman calls upon its god to speed up something.
Found a stone staircase leading up.
Found a scroll of identify.
Found a scroll of identify.
There is a stone staircase leading up here.
You fly upwards.
A scorpion comes into view.
There is a stone staircase leading down here.
Okay, then.
Okay, then.
Unknown command.
Unknown command.
It was a potion of degeneration.
There was something very wrong with that liquid.
You feel weakened.
You feel dopey.
You feel clumsy. The scorpion closely misses you. You furiously retaliate!
You headbutt the scorpion. You hit the scorpion but do no damage.
You headbutt the scorpion.
The scorpion is moderately wounded.
The scorpion stings you.
* * * LOW HITPOINT WARNING * * *
The scorpion stings you.
You die...

#
..#######
........#
........#
......#
#..s#
#..@#
........#
........#
........#
#####...#
#...#
....#
.....#


You could see a scorpion.

Vanquished Creatures
  A phantom (D:3)
  4 adders
  6 gnolls
  A worm (D:2)
  4 dart slugs
  3 orcs (D:3)
  A bat (D:1)
  6 endoplasms
  3 giant cockroaches
  4 goblins
  5 hobgoblins
  7 jackals
  A quokka (D:2)
  2 ball pythons
  A frilled lizard (D:1)
  6 kobolds
  2 rats
57 creatures vanquished.

Notes
Turn   | Place    | Note
-------+----------+-------------------------------------------
     0 | D:1      | krigyl the Minotaur Fighter began the quest for the Orb.
     0 | D:1      | Reached XP level 1. HP: 19/19 MP: 0/0
   140 | D:1      | Reached XP level 2. HP: 24/27 MP: 1/1
   736 | D:2      | Reached XP level 3. HP: 32/33 MP: 2/2
  1049 | D:2      | Reached XP level 4. HP: 34/40 MP: 3/3
  1377 | D:2      | Reached skill level 5 in Shields
  1820 | D:3      | Noticed a phantom
  1828 | D:3      | Killed a phantom
  1829 | D:3      | Reached XP level 5. HP: 37/47 MP: 4/4
  1848 | D:3      | Noticed an orc warrior
  1857 | D:2      | HP: 2/47 [orc warrior (12)]
  2277 | D:3      | You fall into a shaft and drop 2 floors!
  2277 | D:5      | Entered Level 5 of the Dungeon
  2280 | D:5      | Noticed an acid dragon
  2283 | D:5      | Reached skill level 5 in Axes
  2286 | D:5      | HP: 2/47 [acid (12)]
  2299 | D:4      | HP: 1/47 [scorpion (3)]
  2299 | D:4      | Slain by a scorpion

Illustrated notes

Levels and vault maps discovered:
D:1:      saegor_arrival_simple_e, layout_rooms, chequers_serial_rivers_small_3
D:2:      layout_loops_ring
D:3:      layout_rooms
D:4:      layout_gridville, abandoned_shop
D:5:      layout_basic, nicolae_ossuary_entry_monument

Skill      XL: |  1  2  3  4  5 |
---------------+----------------+-----
Shields        | 4 5 |  5.7
Axes           | 3 4 5 |  5.0
Fighting       | 4 |  4.7
Armour         | |  3.6

Action                   |  1- 3 |  4- 6 || total
-------------------------+-------+-------++-------
Melee: War axe           |    71 |    45 ||   116
       Headbutt          |    13 |     9 ||    22
  Use: Potion            |       |     5 ||     5
       Scroll            |       |     2 ||     2
Armor: Scale mail        |    36 |    19 ||    55
Dodge: Dodged            |    22 |    27 ||    49
Block: Kite shield       |    37 |    40 ||    77
